AoeStats
← Herby

Arena

509267152Analyzed
4v4 RM · 7d ago on Sep 26, 2026· 27m 54s· 8 players
Game mode
Random Map
Map size
Large (8 player)
Population
200
Speed
Normal
Resources
Standard
Victory
Conquest
Starting age
Dark Age
Ending age
Imperial Age
RankedLock teamsTeams togetherTeam positionsShared explorationLock speedFull tech treeHidden civsTurbo modeCheats
Victory
Defeat
🇲🇽 Danes · Mexico
1407
+16
🇲🇽 Vikings · Mexico
1396
+16
🇲🇽 Danes · Mexico
1374
+17
🇲🇽 Saxons · Mexico
1343
+18
🇵🇰 Persians · Pakistan
1460
-19
🇯🇵 Byzantines · Japan
1394
-17
🇦🇷 Cumans · Argentina
1384
-16
🇦🇷 Japanese · Argentina
1361
-15
Herby
10:42 Feudal Age
10:06 Loom
11:32 Gold Mining
11:29 Double-Bit Axe
16:09 Castle Age
21:14 Imperial Age
19:40 Bow Saw
21:18 Northmen's Fury
21:43 Capped Ram
26:57 Wheelbarrow
:) YO30830
10:05 Feudal Age
10:39 Double-Bit Axe
14:53 Castle Age
18:22 Horse Collar
19:49 Loom
21:52 Bow Saw
22:33 Redemption
23:40 Sanctity
28:02 Scale Mail Armor
28:12 Forging
:) Tu tu ruuuu
9:35 Feudal Age
10:41 Loom
12:00 Fletching
22:02 Horse Collar
23:54 Wheelbarrow
26:25 Castle Age
24:47 Double-Bit Axe
[Pb] Komodo 3000
9:01 Loom
11:04 Feudal Age
14:43 Castle Age
13:38 Double-Bit Axe
14:52 Gold Mining
16:38 Bow Saw
16:10 Horse Collar
20:47 Loom
21:35 Scale Mail Armor
22:10 Squires
26:53 Chain Mail Armor
28:09 Forging
harusame
9:45 Feudal Age
13:39 Castle Age
11:42 Double-Bit Axe
13:11 Horse Collar
16:07 Heavy Plow
17:28 Loom
21:15 Bow Saw
23:20 Wheelbarrow
JessePinkman
9:01 Feudal Age
10:00 Loom
11:21 Double-Bit Axe
19:08 Wheelbarrow
23:22 Castle Age
22:03 Scale Barding Armor
22:45 Bloodlines
23:25 Forging
23:03 Horse Collar
23:27 Light Cavalry
25:18 Iron Casting
27:08 Capped Ram
WalterWhite
6:07 Loom
8:44 Feudal Age
9:44 Double-Bit Axe
12:23 Fletching
12:59 Horse Collar
15:14 Man-at-Arms
15:55 Scale Mail Armor
19:20 Town Watch
23:37 Castle Age
22:34 Forging
23:42 Long Swordsman
24:38 Chain Mail Armor
27:29 Iron Casting
28:07 Gold Mining
bilalnizamani001
10:24 Feudal Age
11:18 Double-Bit Axe
14:03 Castle Age
11:55 Horse Collar
Connection lost

Rejoining the realm…

Still unreachable

The connection could not be restored.

Session expired

The server has moved on; the page needs a fresh start.